 Dungeon Crawl Stone Soup version bcrawl-1.39.1 (webtiles) character file.

Game seed: 17437380216978540039

8743122 Grijm the Impaler (level 19, -2/144 HPs)
             Began as a Yellow Draconian Ice Elementalist on Sept 20, 2023.
             Was the Champion of Hepliaklqana.
             Slain by a +2 scimitar of holy wrath (5 damage)
             ... on level 2 of the Elven Halls on Sept 21, 2023.
             The game lasted 03:56:23 (45867 turns).

Grijm the Impaler (DrIE)                           Turns: 45867, Time: 03:56:23

Health: -2/144     AC: 21    Str: 13    XL:     19   Next: 18%
Magic:  20/35      EV: 17    Int: 18    God:    Hepliaklqana [******]
Gold:   2641       SH: 16    Dex: 16    Spells: 8/42 levels left

rFire    . . .     GDR:     28% a - +7 demon trident (venom)
rCold    . . .     SeeInvis +   d - +4 buckler "Loetsy Zuesu" {MR+}
rNeg     . . .     Gourm    .   (armour unavailable)
rPois    .         Faith    .   p - +2 hat
rElec    .         Spirit   .   z - +2 cloak
rCorr    +         Reflect  +   P - +2 pair of gloves
MR       +++..                  u - +2 pair of boots
Stlth    +++.......             G - amulet "Jiggamil" {Reflect Int-4 Dex+5 SH+5}
HPRegen  0.34/turn              K - ring "Ciyly" {+Fly MR+}
MPRegen  0.24/turn              I - ring of see invisible

@: hasted, lightly drained, very quick
A: spit acid, acid resistance, unfitting armour, reduced essence, acidic bite,
cold-blooded, AC +10
}: 2/15 runes: decaying, gossamer
a: Breathe Acid, Recall Ancestor, Ancestor Identity, Transference, Incarnate,
Renounce Religion, Evoke Flight


You were on level 2 of the Elven Halls.
You worshipped Hepliaklqana.
Hepliaklqana was exalted by your worship.
You were not hungry.

You visited 7 branches of the dungeon, and saw 29 of its levels.
You also visited: Ice Cave.

You collected 3166 gold pieces.
You spent 525 gold pieces at shops.

Inventory:

Hand Weapons
 a - a +7 demon trident of venom (weapon)
 g - a +0 blowgun
 U - the +6 staff of Battle {slice, MP+12}
   (You took it off a deep elf mage on level 3 of the Elven Halls)

   It will always inflict at least some extra damage.
   This minimum extra damage increases with your current reserve of magical
   power.
   It affects your magic capacity (+12).
Missiles
 B - 824 poisoned tomahawks (quivered)
 E - 15 curare-tipped needles
 X - a throwing net {=f}
Armour
 d - the +4 buckler "Loetsy Zuesu" (worn) {MR+}
   (You found it on level 6 of the Lair of Beasts)

   It affects your resistance to hostile enchantments.
 p - a +2 hat (worn)
 u - a +2 pair of boots (worn)
 z - a +2 cloak (worn)
 P - a +2 pair of gloves (worn)
Jewellery
 t - an uncursed ring of protection from fire
 G - the amulet "Jiggamil" (around neck) {Reflect Int-4 Dex+5 SH+5}
   (You acquired it on level 2 of the Swamp)

   [amulet of reflection]

   It shields you and reflects attacks.
   It affects your intelligence (-4).
   It affects your dexterity (+5).
   It affects your SH (+5).
 I - a ring of see invisible (right hand)
 J - an uncursed ring of wizardry
 K - the ring "Ciyly" (left hand) {+Fly MR+}
   (You found it on level 2 of the Elven Halls)

   [ring of flight]

   It affects your resistance to hostile enchantments.
   It lets you fly.
 R - an uncursed ring of protection from fire
 Y - the ring of Lugosawk {rPois Str+6}
   (You found it on level 3 of the Lair of Beasts)

   [ring of strength]

   It affects your strength (+6).
   It protects you from poison.
Wands
 b - a wand of iceblast (12)
 h - a wand of digging (16)
 F - a wand of clouds (3)
 L - a wand of acid (3)
 M - a wand of charming (6)
Scrolls
 j - 14 scrolls of amnesia
 x - 2 scrolls of fog
 y - 7 scrolls of remove curse
 A - 8 scrolls of revelation
 C - 3 scrolls of noise
 H - 3 scrolls of teleportation
 O - 7 scrolls of fear
 T - a scroll of vulnerability
 W - 2 scrolls of immolation
Potions
 c - 8 potions of mutation
 f - 4 potions of ambrosia
 k - 7 potions of lignification
 l - 8 potions of brilliance
 m - 7 potions of agility
 o - 2 potions of might
 q - 3 potions of haste
 v - 2 potions of invisibility
 w - a potion of flight
 D - 4 potions of magic
 N - 3 potions of berserk rage
 Q - 4 potions of curing
 V - a potion of heal wounds
Miscellaneous
 i - a phial of floods
 n - a lightning rod (4/4)
 S - a phantom mirror
 Z - a fan of gales (2/2)
Comestibles
 e - 36 rations {!d}
 r - a chunk of flesh


   Skills:
 - Level 12.0(11.3) Fighting
 - Level 16.0(15.2) Polearms
 - Level 1.0(0.5) Throwing
 - Level 10.0(9.3) Dodging
 - Level 5.0(4.4) Stealth
 - Level 8.0(7.4) Shields
 - Level 4.0(3.4) Unarmed Combat
 - Level 12.0(11.3) Spellcasting
 - Level 10.0(9.3) Conjurations
 + Level 5.0(4.5) Charms
 - Level 5.0(4.4) Summonings
 - Level 5.0(4.4) Transmutations
 - Level 2.0(1.4) Fire Magic
 + Level 13.6(12.9) Ice Magic
 - Level 10.0(9.3) Air Magic
 - Level 2.0(1.4) Poison Magic
 - Level 4.0(3.4) Invocations
 + Level 8.3(7.7) Evocations


You had 8 spell levels left.
You knew the following spells:

 Your Spells              Type           Power        Failure   Level  Hunger
a - Freeze                Ice            ######       1%          1    None
b - Throw Frost           Conj/Ice       ######       1%          2    None
c - Ice Form              Ice/Tmut       #####...     3%          4    None
d - Throw Icicle          Conj/Ice       ######..     1%          4    None
e - Freezing Cloud        Ice/Air        ######..     3%          5    ###....
f - Summon Ice Beast      Ice/Summ       #####...     3%          4    None
g - Mephitic Cloud        Conj/Pois/Air  ####....     2%          3    None
h - Swiftness             Chrm/Air       #####...     1%          2    None
i - Deflect Missiles      Chrm/Air       #####.....   71%         6    #####..
z - Ignite Poison         Fire/Tmut/Pois ###.....     13%         3    None

Your spell library contained the following spells:

 Spells                   Type           Power        Failure   Level  Hunger
 Beastly Appendage        Tmut           ####..       1%          1    None
 Flame Tongue             Conj/Fire      ####.        1%          1    None
 Static Discharge         Air            #####.       1%          1    None
 Sting                    Conj/Pois      ####         1%          1    None
 Summon Butterflies       Summ           ####....     1%          1    None
 Poisonous Vapours        Pois/Air       ####..       1%          2    None
 Shock                    Conj/Air       #####..      1%          2    None
 Ozocubu's Armour         Chrm/Ice       #####...     1%          3    None
 Sticks to Snakes         Tmut           ####....     2%          2    None
 Lightning Bolt           Conj/Air       #####...     2%          4    None
 Conjure Flame            Conj/Fire      ####....     3%          3    None
 Flaming Arrows           Chrm/Fire      ###.....     4%          2    None
 Dazzling Orbs            Conj/Hex       ####...      4%          3    None
 Passwall                 Tmut/Erth      ###.....     7%          2    None
 Spider Form              Tmut/Pois      ###          11%         3    None
 Apportation              Tloc           ##....       12%         1    None
 Inner Flame              Hex/Fire       N/A          26%         3    None
 Beckoning                Tloc           ##........   34%         3    None
 Confuse                  Hex            ##......     34%         3    None
 Tukima's Dance           Hex            ##......     34%         3    None
 Summon Scorpions         Summ/Pois      ###.....     34%         4    None
 Fireball                 Conj/Fire      ####......   34%         5    ###....
 Venom Bolt               Conj/Pois      ####......   34%         5    ###....
 Petrify                  Tmut/Erth      ###.......   43%         4    None
 Yara's Violent Unravell  Hex/Tmut       ###.......   43%         4    None
 Silence                  Hex/Air        ####......   43%         5    ###....
 Blade Hands              Tmut           ####......   45%         5    ###....
 Olgreb's Toxic Radiance  Pois           ###......    54%         4    None
 Iron Shot                Conj/Erth      ####......   95%         6    #####..
 Invisibility             Hex            ##......     100%        6    #####..
 Statue Form              Tmut/Erth      ###......    100%        6    #####..


Dungeon Overview and Level Annotations

Branches:
Dungeon (12/12)            Temple (1/1) D:5            Lair (6/6) D:8
  Swamp (3/3) Lair:3       Spider (3/3) Lair:4        Slime (0/5) Orc
    Orc (1/1) D:10            Elf (3/3) Lair:5       Vaults (0/3) D:12
 Depths (0/5) D:12

Altars:
Ashenzari
Cheibriados
Dithmenos
Elyvilon
Fedhas
Gozag
Hepliaklqana
Kikubaaqudgha
Lugonu
Makhleb
Nemelex Xobeh
Okawaru
Qazlal
Ru
Sif Muna
Trog
Uskayaw
Vehumet
Wu Jian
Xom
Yredelemnul
Zin
The Shining One
Jiyva

Shops:
D:9 *   Orc %?([}   Elf:1 =:**:

Annotations:
D:10 2 transporters, Mehrunes's ghost, journeyman DgFE
D:11 1 runed translucent door, kuniqs's ghost, journeyman FoFi
Spider:2 exclusion: 2 orange crystal statues
Spider:3 exclusion: orange crystal statue Orc 1 runed door
Elf:2 3 runed doors


Innate Abilities, Weirdness & Mutations

You can spit globs of acid.
You are resistant to acid.
Your golden yellow scales are hard. (AC +10)
You cannot fit into any form of body armour.
You have acidic saliva.
You are cold-blooded and may be slowed by cold attacks.
Your life essence is reduced to manifest your ancestor. (-10% HP)


Message History

The deep elf mage shouts! x4
The deep elf mage points at you and mumbles some strange words.
The bolt of lightning misses you.
The deep elf mage points at you and mumbles some strange words.
The stone arrow hits you!
* * * LOW HITPOINT WARNING * * *
The +0 scimitar of electrocution moves out of view.
You hear a shout!
Okay, then.
You feel yourself speed up.
A deep elf knight comes into view. It is wielding a +0 scimitar.
You block the +2 scimitar of holy wrath's attack.
The deep elf knight blinks!
The deep elf mage casts a spell at you.
The stone arrow reflects off an invisible shield around you!
The stone arrow hits the deep elf mage!
The +4 scimitar of electrocution hits you!!
* * * LOW HITPOINT WARNING * * *
The +2 scimitar of holy wrath hits you.
You die...

###...# ...#
##..... ....#
#...... .....#
#... #......
......# .....
#...).. .......
...... +#..)).
....... .(....
+.#....
.......###.e....
+#)....
......#@e(#.....
#......
....#.((..#....
#......
#.......#
#....).
#...e.e...#
##..)..
#......e....#
###...#
#......ยง......#
#......
#.............#
#......
..#...........#.
#......
...#...e.....#..
#......


You could see a deep elf knight, 4 deep elf magi and 3 dancing weapons.

Vanquished Creatures
  Nikola (Swamp:2)
  2 deep elf blademasters (Elf:3)
  A deep elf master archer (Elf:3)
  4 thorn hunters
  A fire giant (D:11)
  5 deep elf sorcerers (Elf:3)
  An orc warlord (Orc)
  3 ghost moths (Spider:3)
  4 emperor scorpions (Spider:3)
  3 deep elf elementalists
  A deep elf demonologist (Elf:2)
  An entropy weaver (Spider:3)
  2 spark wasps (Spider:3)
  4 deep elf annihilators
  4 deep elf death magi (Elf:3)
  Urug (Lair:2)
  2 deep elf high priests (Elf:3)
  16 hydras
  Erolcha (D:9)
  4 vault guards (D:12)
  Harold (Lair:2)
  A ghost crab (Swamp:2)
  3 catoblepae (Lair:6)
  7 alligators
  9 dancing weapons
  3 shambling mangroves (Swamp:2)
  6 death scarabs (Spider:3)
  3 orc high priests (Orc)
  9 death yaks
  2 tengu warriors (D:12)
  2 spriggan berserkers (Swamp:3)
  3 centaur warriors (D:12)
  A goliath frog (Swamp:1)
  9 deep elf knights
  2 death drakes
  3 skeletal warriors (D:11)
  8 swamp dragons
  An unseen horror (D:12)
  9 deep elf archers
  A spriggan druid (Swamp:2)
  A wizard (D:12)
  A spectral wolf spider (Spider:3)
  5 orc knights
  A necromancer (D:12)
  3 wolf spider zombies
  9 wolf spiders
  5 orb spiders
  An oklob plant (Lair:3)
  5 orc sorcerers
  46 deep elf magi
  6 ugly things
  2 manticores
  A salamander (shapeshifter) (D:12)
  3 moths of wrath
  3 elephants
  A black mamba (shapeshifter) (Elf:2)
  2 black mambas (Lair:4)
  11 will-o'-wisps
  2 ice statues (IceCv)
  A gargoyle (D:11)
  A torpor snail (Lair:6)
  14 cane toads
  4 rime drakes
  9 komodo dragons
  26 jumping spiders
  A komodo dragon (shapeshifter) (D:11)
  A yaktaur (D:10)
  9 demonic crawlers
  A harpy zombie (D:9)
  2 queen bees
  2 tengu conjurers
  2 spectral jumping spiders (Spider:3)
  A meliai (shapeshifter) (D:12)
  3 trolls
  9 slime creatures
  8 blink frogs
  3 meliai (D:11)
  A tarantella zombie (Spider:3)
  7 tyrant leeches
  15 hornets
  3 polar bears
  8 hippogriffs
  2 spectral redbacks (Spider:3)
  3 meliai zombies
  5 bog bodies
  3 spriggans
  14 tarantellas
  67 yaks
  A shadow (D:11)
  A vampire (D:9)
  6 air elementals
  4 fire elementals
  2 wyverns
  3 basilisks
  3 water elementals
  A hungry ghost (D:12)
  18 redbacks
  14 vampire mosquitoes
  Menkaure (D:5)
  8 swamp worms
  A jumping spider zombie (Spider:3)
  A warg (Orc)
  10 crocodiles
  10 water moccasins
  A soldier ant (D:10)
  3 black bears
  11 porcupines
  A meliai simulacrum (D:12)
  17 swamp drakes
  19 orc warriors
  16 ice beasts
  A sky beast (D:10)
  A hornet zombie (D:10)
  2 redback zombies (Spider:3)
  3 phantoms
  4 ogres
  15 wolves
  7 hexers
  10 bullfrogs
  Blork the orc (D:6)
  A gnoll sergeant (D:8)
  A kobold brigand (D:8)
  14 centaurs
  3 earth elementals (Elf:1)
  3 scorpions
  37 killer bees
  10 wights
  2 electric eels (Lair:3)
  12 orc priests
  3 crimson imps
  A bullfrog zombie (D:5)
  2 hounds
  A quasit (D:6)
  2 jellies (D:9)
  6 iguanas
  15 orc wizards
  2 hell rats (Lair:6)
  10 worker ants
  2 hound skeletons (D:4)
  2 worker ant zombies
  12 adders
  A howler monkey skeleton (D:4)
  4 gnolls
  2 oozes
  An adder zombie (D:5)
  2 worms
  A dart slug (D:4)
  8 leopard geckos
  56 orcs
  5 giant cockroaches
  8 goblins
  5 hobgoblins
  10 jackals
  6 kobolds
  3 quokkas
  6 bats
  3 frilled lizards (D:1)
  A quokka skeleton (D:4)
  4 rats
  2 briar patches (Swamp:3)
  4 bushes (D:11)
946 creatures vanquished.

Vanquished Creatures (collateral kills)
  Gastronok (D:12)
  A deep elf master archer (Elf:3)
  A thorn hunter (Swamp:2)
  A ghost moth (Spider:2)
  A deep elf elementalist (Elf:3)
  A deep elf annihilator (Elf:3)
  An anaconda (Lair:6)
  4 hydras
  Sonja (Lair:4)
  2 death scarabs (Spider:3)
  3 death yaks
  3 deep elf knights
  A centaur warrior (D:11)
  A skeletal warrior (D:11)
  A wolf spider zombie (D:12)
  A swamp dragon (Swamp:1)
  3 spectral wolf spiders (Spider:3)
  An orc knight (Orc)
  7 wolf spiders
  10 orb spiders
  3 deep elf magi
  3 orc sorcerers (Orc)
  A manticore (Lair:6)
  3 elephants
  A black mamba (Lair:6)
  A will-o'-wisp (Swamp:2)
  3 cane toads
  2 demonic crawlers
  6 jumping spiders
  3 komodo dragons
  A harpy skeleton (D:7)
  5 polar bears
  2 tyrant leeches
  2 spectral tarantellas (Spider:3)
  4 hornets
  4 blink frogs (Lair:6)
  A bog body (Swamp:2)
  3 spectral redbacks (Spider:3)
  3 hippogriffs
  3 slime creatures
  3 spriggans
  10 tarantellas
  13 yaks
  A vampire (D:11)
  A wyvern (D:12)
  A water elemental (Elf:2)
  A hungry ghost (D:6)
  20 redbacks
  A vampire mosquito (D:12)
  A jumping spider zombie (Spider:3)
  A steam dragon (D:8)
  2 crocodiles
  A warg (Orc)
  4 swamp worms
  4 water moccasins
  An ice beast (Lair:2)
  A sky beast (D:9)
  A swamp drake (Swamp:3)
  A hornet zombie (D:10)
  4 orc warriors (Orc)
  A redback zombie (Spider:3)
  An ogre (D:7)
  2 wolves (Lair:6)
  3 bullfrogs
  5 killer bees
  3 wights
  4 orc priests
  A crimson imp (D:5)
  A jelly (D:5)
  4 orc wizards (Orc)
  3 hell rats (Lair:6)
  A worker ant (D:8)
  3 gnolls
  A shadow imp (D:12)
  15 orcs
  A quokka (D:8)
220 creatures vanquished.

Vanquished Creatures (others)
  A deep elf master archer (Elf:3)
  2 deep elf magi
  An orc priest (Orc)
  65 hexers
  8 ancestors
  6 bushes (D:11)
  16 fungi
  19 plants
118 creatures vanquished.

Grand Total: 1284 creatures vanquished

Notes
Turn   | Place    | Note
-------+----------+-------------------------------------------
     0 | D:1      | Grijm the Draconian Ice Elementalist began the quest for
                  | the Orb.
     0 | D:1      | Reached XP level 1. HP: 14/14 MP: 3/3
   190 | D:1      | Reached skill level 1 in Fighting
   190 | D:1      | Reached XP level 2. HP: 23/23 MP: 1/5
   238 | D:1      | Learned a level 2 spell: Throw Frost
   982 | D:2      | Reached XP level 3. HP: 28/28 MP: 3/6
  1558 | D:3      | Reached XP level 4. HP: 34/35 MP: 5/8
  1668 | D:3      | Noticed a bullfrog
  1782 | D:3      | Noticed a bullfrog
  1927 | D:3      | Learned a level 4 spell: Ice Form
  2055 | D:3      | Noticed an ogre
  2108 | D:4      | Reached XP level 5. HP: 33/40 MP: 6/10
  2279 | D:4      | Reached skill level 1 in Transmutations
  2392 | D:4      | Noticed a sky beast
  2619 | D:4      | Reached XP level 6. HP: 47/47 MP: 8/11
  2785 | D:4      | Reached skill level 5 in Ice Magic
  2903 | D:4      | Learned a level 4 spell: Throw Icicle
  3032 | D:5      | Entered Level 5 of the Dungeon
  3055 | D:5      | Reached skill level 1 in Throwing
  3226 | D:5      | Found a staircase to the Ecumenical Temple.
  3236 | Temple   | Entered the Ecumenical Temple
  3335 | Temple   | Became a worshipper of Hepliaklqana the Forgotten
  3366 | D:5      | Noticed Menkaure
  3490 | D:5      | Your scales start taking on a golden yellow colour.
  3490 | D:5      | Reached XP level 7. HP: 33/46 MP: 9/13
  3888 | D:5      | Found a sparkling altar of Nemelex Xobeh.
  4368 | D:6      | Reached skill level 1 in Unarmed Combat
  4417 | D:6      | Noticed Blork the orc
  4437 | D:6      | Reached * piety under Hepliaklqana
  4444 | D:6      | Killed Blork the orc
  4482 | D:6      | Reached skill level 1 in Evocations
  4997 | D:6      | Reached XP level 8. HP: 55/55 MP: 4/14
  5575 | D:7      | Noticed a troll
  5593 | D:7      | Noticed a hippogriff
  5631 | D:7      | Found a blossoming altar of Fedhas.
  5780 | D:5      | Killed Menkaure
  6095 | D:6      | Killed a hippogriff
  6255 | D:7      | Found a hide-covered altar of Uskayaw.
  6406 | D:7      | Reached skill level 5 in Conjurations
  6409 | D:7      | Reached XP level 9. HP: 63/63 MP: 13/16
  6413 | D:7      | Reached skill level 5 in Spellcasting
  6746 | D:7      | Noticed a troll
  6990 | D:8      | Noticed a six-headed hydra
  7269 | D:9      | Reached skill level 10 in Ice Magic
  7269 | D:9      | Reached XP level 10. HP: 31/70 MP: 17/17
  7766 | D:9      | Reached skill level 5 in Fighting
  8227 | D:9      | Noticed Erolcha
  8480 | D:9      | Reached ** piety under Hepliaklqana
  8481 | D:9      | Remembered your ancestor Lucia as a hexer
  8495 | D:9      | Found Tommuloamm's Assorted Antiques.
  8571 | D:9      | Bought a scroll of identify for 58 gold pieces
  8571 | D:9      | Bought a scroll labeled HYVEXA DEPTEF for 29 gold pieces
  8571 | D:9      | Bought a green potion for 26 gold pieces
  8595 | D:9      | Killed Erolcha
  9233 | D:8      | Reached XP level 11. HP: 77/77 MP: 9/20
  9399 | D:8      | Killed a six-headed hydra
  9466 | D:8      | Found a staircase to the Lair.
  9471 | Lair:1   | Entered Level 1 of the Lair of Beasts
 10488 | Lair:1   | Reached skill level 10 in Conjurations
 10637 | Lair:1   | Learned a level 4 spell: Summon Ice Beast
 10688 | Lair:1   | Reached *** piety under Hepliaklqana
 11152 | Lair:2   | Reached skill level 1 in Summonings
 11248 | Lair:2   | Found a frozen archway.
 11297 | Lair:2   | Noticed Urug
 11317 | Lair:2   | Killed Urug
 11351 | IceCv    | Entered an ice cave
 11351 | IceCv    | Noticed a white ugly thing
 11373 | IceCv    | Reached skill level 5 in Transmutations
 11377 | IceCv    | Killed a white ugly thing
 11378 | IceCv    | Reached XP level 12. HP: 65/86 MP: 4/24
 11482 | IceCv    | Found a transporter.
 11534 | IceCv    | Found a transporter.
 12068 | Lair:2   | Reached skill level 5 in Summonings
 12232 | Lair:2   | Noticed Harold
 12249 | Lair:2   | Killed Harold
 12390 | Lair:2   | Noticed a four-headed hydra
 12395 | Lair:2   | Killed a four-headed hydra
 12396 | Lair:2   | Reached skill level 10 in Spellcasting
 12743 | Lair:2   | Reached **** piety under Hepliaklqana
 13120 | Lair:3   | Got a masterwork quarterstaff
 13150 | Lair:3   | Identified the +0 quarterstaff "Tattletale" {antimagic,
                  | rPois rN+ Dex-5 Stlth+} (You found it on level 3 of the
                  | Lair of Beasts)
 13533 | Lair:3   | Got a coiled brass ring
 13535 | Lair:3   | Identified the ring of Lugosawk {rPois Str+6} (You found it
                  | on level 3 of the Lair of Beasts)
 13869 | Lair:3   | Found a staircase to the Swamp.
 14453 | Lair:4   | Found a hole to the Spider Nest.
 14591 | Lair:4   | Reached XP level 13. HP: 99/99 MP: 27/27
 14778 | Lair:4   | Reached skill level 1 in Polearms
 14779 | Lair:4   | Noticed Sonja
 15036 | Lair:4   | Reached skill level 10 in Fighting
 15036 | Lair:4   | Reached skill level 2 in Polearms
 15163 | Lair:4   | Reached skill level 3 in Polearms
 15518 | Lair:4   | Reached skill level 4 in Polearms
 15622 | Lair:4   | Killed Sonja
 16050 | Lair:5   | Reached skill level 5 in Polearms
 16389 | Lair:5   | Reached skill level 6 in Polearms
 16646 | Lair:5   | Found a staircase to the Elven Halls.
 16655 | Lair:5   | Reached skill level 7 in Polearms
 17058 | Lair:6   | Entered Level 6 of the Lair of Beasts
 17328 | Lair:6   | Reached skill level 8 in Polearms
 17502 | Lair:6   | Reached ***** piety under Hepliaklqana
 17552 | Lair:6   | Found a snail-covered altar of Cheibriados.
 17603 | Lair:6   | Gained mutation: You have acidic saliva. [Yellow Draconian
                  | growth]
 17603 | Lair:6   | Reached XP level 14. HP: 108/108 MP: 30/30
 17683 | Lair:6   | Got a brightly glowing tin ring
 17685 | Lair:6   | Identified the cursed ring "Xesaol" {Dex+4 Stlth--} (You
                  | found it on level 6 of the Lair of Beasts)
 17705 | Lair:6   | Reached skill level 9 in Polearms
 18354 | Lair:6   | Reached skill level 10 in Polearms
 18396 | Lair:6   | Reached skill level 1 in Invocations
 19019 | Lair:6   | Reached skill level 5 in Dodging
 19153 | Lair:6   | Got a slimy buckler
 19155 | Lair:6   | Identified the +4 buckler "Loetsy Zuesu" {MR+} (You found
                  | it on level 6 of the Lair of Beasts)
 20311 | D:10     | Entered Level 10 of the Dungeon
 20341 | D:10     | Reached skill level 1 in Shields
 20610 | D:10     | Found a staircase to the Orcish Mines.
 20680 | D:10     | Noticed Mehrunes's ghost (journeyman DgFE)
 20682 | D:10     | Found a transporter.
 20688 | D:10     | Found a transporter.
 20702 | D:10     | Got a scorched rapier
 20881 | D:10     | Identified Waxto's Handbook of the Mutagenic Birds
 20907 | D:10     | Learned a level 5 spell: Freezing Cloud
 21068 | D:10     | Reached skill level 1 in Air Magic
 21361 | Orc      | Entered the Orcish Mines
 21731 | Orc      | Found Tuzaka's Food Shoppe.
 22025 | Orc      | Found a runed door.
 22025 | Orc      | Found a viscous altar of Jiyva.
 22027 | Orc      | Noticed an acid blob
 22029 | Orc      | Found a staircase to the Slime Pits.
 22032 | Orc      | Noticed an acid blob
 22774 | Orc      | Found Woraid's Magic Scroll Boutique.
 22774 | Orc      | Found Dofach's Gadget Emporium.
 22779 | Orc      | Found Siugi's Weapon Boutique.
 22779 | Orc      | Found Saugh's Antique Armour Emporium.
 22793 | Orc      | Bought a scroll of enchant armour for 82 gold pieces
 22795 | Orc      | Bought a scroll of revelation for 44 gold pieces
 22795 | Orc      | Bought a scroll of enchant armour for 82 gold pieces
 22926 | Orc      | Reached skill level 5 in Stealth
 23003 | Orc      | Noticed an orc warlord
 23024 | Orc      | Killed an orc warlord
 23025 | Orc      | Reached skill level 11 in Polearms
 23474 | D:11     | Reached XP level 15. HP: 113/113 MP: 25/31
 23916 | D:11     | Found a runed translucent door.
 23916 | D:11     | Noticed kuniqs's ghost (journeyman FoFi)
 24160 | D:11     | Noticed a fire giant
 24384 | Spider:1 | Entered Level 1 of the Spider Nest
 24390 | Spider:1 | Reached skill level 5 in Shields
 24708 | Spider:1 | Reached skill level 5 in Air Magic
 25996 | Spider:2 | Reached ****** piety under Hepliaklqana
 26497 | Spider:2 | Noticed a ghost moth
 26512 | Spider:2 | Killed a ghost moth
 26513 | Spider:2 | Reached skill level 12 in Polearms
 27368 | Spider:3 | Entered Level 3 of the Spider Nest
 27623 | Spider:3 | Noticed a ghost moth
 27641 | Spider:3 | Killed a ghost moth
 27657 | Spider:3 | Noticed a ghost moth
 27689 | Spider:3 | Killed a ghost moth
 28242 | Spider:3 | Reached XP level 16. HP: 98/120 MP: 10/32
 28680 | Spider:3 | Reached skill level 13 in Polearms
 29123 | Spider:3 | Learned a level 3 spell: Mephitic Cloud
 29152 | Spider:3 | Learned a level 3 spell: Ignite Poison
 29200 | Spider:3 | Reached skill level 1 in Fire Magic
 29200 | Spider:3 | Reached skill level 1 in Poison Magic
 29934 | Spider:3 | Found a huge runed gate.
 29934 | Spider:3 | Found a huge runed gate.
 29934 | Spider:3 | Found a huge runed gate.
 29934 | Spider:3 | Found a huge runed gate.
 29935 | Spider:3 | Found a huge runed gate.
 30779 | Spider:3 | Reached skill level 10 in Air Magic
 30955 | Spider:3 | Got a gossamer rune of Zot
 31781 | D:11     | Reached skill level 14 in Polearms
 32366 | D:12     | Entered Level 12 of the Dungeon
 32938 | D:11     | Found a runed translucent door.
 33047 | D:12     | Noticed Gastronok
 33054 | D:12     | Killed Gastronok
 33140 | D:12     | Found an opulent altar of Gozag.
 33371 | D:12     | Found a gate to the Vaults.
 33754 | D:12     | Reached XP level 17. HP: 126/126 MP: 27/33
 33873 | D:12     | Found a staircase to the Depths.
 34060 | D:12     | Identified the Handbook of the Dusty Volcanoes
 34065 | D:12     | Learned a level 2 spell: Swiftness
 34206 | Swamp:1  | Entered Level 1 of the Swamp
 34403 | Swamp:1  | Reached skill level 15 in Polearms
 34876 | Swamp:1  | Found a shadowy altar of Dithmenos.
 35535 | Swamp:2  | Noticed Nikola
 35921 | Swamp:2  | Identified a scroll of acquirement
 35925 | Swamp:2  | Identified the +0 pair of boots "Habeafoz" {MR+ rCorr
                  | Dex-5} (You acquired it on level 2 of the Swamp)
 35925 | Swamp:2  | Identified the amulet "Jiggamil" {Reflect Int-4 Dex+5 SH+5}
                  | (You acquired it on level 2 of the Swamp)
 36847 | Swamp:2  | Killed Nikola
 36904 | Swamp:2  | Reached skill level 16 in Polearms
 37262 | Swamp:3  | Entered Level 3 of the Swamp
 39358 | Swamp:3  | Reached XP level 18. HP: 137/138 MP: 7/34
 40108 | Swamp:3  | Got a decaying rune of Zot
 40529 | Elf:1    | Entered Level 1 of the Elven Halls
 40807 | Elf:1    | Found Lietauh's Book Shop.
 40936 | Elf:1    | Found Vaevutyra's Assorted Antiques.
 40937 | Elf:1    | Found Pocush's General Store.
 40969 | Elf:1    | Bought a scroll of fear for 170 gold pieces
 40969 | Elf:1    | Bought a scroll labeled YRPHEU FIWKATUSS for 34 gold pieces
 41554 | Elf:1    | Found Exkutuav's Book Boutique.
 41979 | Elf:1    | Reached skill level 10 in Dodging
 42164 | Elf:1    | Found Xiote's Jewellery Shoppe.
 42704 | Elf:2    | Reached skill level 5 in Evocations
 43065 | Elf:2    | Learned a level 6 spell: Deflect Missiles
 43119 | Elf:2    | Reached skill level 1 in Charms
 43767 | Elf:2    | Found a runed gate.
 43767 | Elf:2    | Found a runed gate.
 43768 | Elf:2    | Found a runed gate.
 43787 | Elf:2    | Identified the ring "Ciyly" {+Fly MR+}
 43918 | Elf:3    | Entered Level 3 of the Elven Halls
 45005 | Elf:3    | Reached XP level 19. HP: 131/144 MP: 16/35
 45823 | Elf:3    | Identified the +6 scimitar of Lies {slice, rF+ Dex+2}
 45826 | Elf:3    | Reached skill level 5 in Charms
 45867 | Elf:2    | HP: 3/144 [+4 scimitar of electrocution (18)]
 45867 | Elf:2    | Slain by a +2 scimitar of holy wrath

Skill      XL: |  1  2  3  4  5  6  7  8  9 10 11 12 13 14 15 16 17 18 19 |
---------------+----------------------------------------------------------+-----
Fighting       | 1 2 4 5 6 9 10 12 | 12.0
Conjurations   | 2 5 6 7 10 | 10.0
Spellcasting   | 3 4 5 6 8 10 12 | 12.0
Ice Magic      | 4 5 6 10 11 12 13 | 13.6
Transmutations | 1 3 4 5 |  5.0
Throwing       | 1 |  1.0
Unarmed Combat | 2 4 |  4.0
Evocations     | 2 4 7 8 |  8.3
Dodging        | 2 4 5 7 10 | 10.0
Summonings     | 3 5 |  5.0
Polearms       | 8 11 12 14 16 | 16.0
Invocations    | 4 |  4.0
Stealth        | 5 |  5.0
Shields        | 4 8 |  8.0
Air Magic      | 3 7 10 | 10.0
Fire Magic     | 2 |  2.0
Poison Magic   | 2 |  2.0
Charms         | 4 5 |  5.0

Action                   |  1- 3 |  4- 6 |  7- 9 | 10-12 | 13-15 | 16-18 | 19-21 || total
-------------------------+-------+-------+-------+-------+-------+-------+-------++-------
Melee: Club              |     8 |       |       |       |       |       |       ||     8
       Tailslap          |     1 |     6 |     3 |     9 |    59 |    91 |       ||   169
       Dagger            |       |    61 |    40 |    10 |       |       |       ||   111
       Unarmed           |       |       |   142 |   262 |       |       |       ||   404
       Staff             |       |       |       |    11 |     7 |       |       ||    18
       Demon trident     |       |       |       |       |   732 |   800 |    16 ||  1548
       Punch             |       |       |       |       |     1 |       |       ||     1
       Bite              |       |       |       |       |    50 |    54 |       ||   104
Throw: Stone             |     2 |       |       |       |       |       |       ||     2
       Javelin           |       |     6 |       |       |       |       |       ||     6
       Tomahawk          |       |    13 |     5 |     1 |    10 |    30 |     2 ||    61
 Cast: Freeze            |    46 |    82 |    21 |    62 |    23 |       |       ||   234
       Throw Frost       |    20 |    18 |    37 |    99 |    74 |    27 |     1 ||   276
       Ice Form          |       |       |    13 |     2 |       |       |       ||    15
       Throw Icicle      |       |       |     2 |   158 |   358 |   211 |     5 ||   734
       Summon Ice Beast  |       |       |       |    11 |   160 |    89 |     2 ||   262
       Freezing Cloud    |       |       |       |       |     6 |   183 |    16 ||   205
       Mephitic Cloud    |       |       |       |       |       |    87 |     7 ||    94
       Ignite Poison     |       |       |       |       |       |    24 |     1 ||    25
Invok: Recall Ancestor   |       |       |     3 |     1 |    11 |     2 |       ||    17
       Ancestor Life: He |       |       |       |     1 |       |       |       ||     1
 Abil: Breathe Acid      |       |       |     1 |       |     3 |     2 |       ||     6
       End Transformatio |       |       |       |     3 |       |       |       ||     3
Evoke: Wand              |       |       |     5 |    13 |     4 |     5 |       ||    27
       Staff of power    |       |       |       |     2 |       |       |       ||     2
       Phial of floods   |       |       |       |       |       |     1 |       ||     1
  Use: Scroll            |       |     6 |     2 |     5 |    15 |     6 |     3 ||    37
       Potion            |       |       |       |     3 |     1 |     7 |     3 ||    14
 Stab: Sleeping          |       |     1 |     1 |     2 |     6 |     2 |       ||    12
       Distracted        |       |       |     2 |     3 |    16 |    13 |     1 ||    35
       Paralysed         |       |       |       |    17 |    10 |    38 |       ||    65
       Confused          |       |       |       |     1 |     5 |    34 |     2 ||    42
       Petrified         |       |       |       |       |     5 |       |       ||     5
  Eat: Chunk             |     5 |    10 |    10 |    35 |    71 |    52 |     4 ||   187
       Ration            |       |       |     5 |     3 |     3 |    11 |       ||    22
Armor: Skin              |     7 |    41 |    87 |   120 |   181 |   171 |       ||   607
Dodge: Dodged            |    19 |    77 |   106 |   182 |   246 |   228 |    13 ||   871
Block: Buckler           |       |       |       |       |   156 |   283 |    15 ||   454
       Reflection        |       |       |       |       |       |    20 |     6 ||    26
